 Dungeon Crawl Stone Soup version 0.22-a0-422-g9628fc8 (webtiles) character file.

11425 Borgoz the Cleaver (level 11, -2/69 HPs)
             Began as a Gargoyle Abyssal Knight on May 16, 2018.
             Was a High Priest of Lugonu.
             Slain by a gargoyle
             ... wielding a +0 mace
              (5 damage)
             ... on level 11 of the Dungeon.
             The game lasted 00:26:59 (12091 turns).

Borgoz the Cleaver (Gargoyle Abyssal Knight)       Turns: 12091, Time: 00:27:00

Health: -2/69      AC: 19    Str: 21    XL:     11   Next: 77%
Magic:  11/15      EV: 11    Int: 17    God:    Lugonu [*****.]
Gold:   100        SH:  6    Dex: 14    Spells: 10/10 levels left

rFire    + . .     SeeInvis .   E - +1 hand axe (venom)
rCold    + . .     Gourm    .   H - +1 buckler {rF+}
rNeg     + . .     Faith    .   I - +1 chain mail {rC+}
rPois    ∞         Spirit   .   (no helmet)
rElec    +         Reflect  .   (no cloak)
rCorr    .         Harm     .   (no gloves)
MR       .....                  (no boots)
Stlth    ..........             l - amulet of rage
HPRegen  0.21/turn              r - +4 ring of strength
MPRegen  0.14/turn              h - +2 ring of dexterity

@: brilliant, barbed spikes
A: negative energy resistance 1, electricity resistance, unbreathing,
petrification resistance, rot immunity, AC +8
a: Depart the Abyss, Bend Space, Banish, Corrupt, Enter the Abyss, Renounce
Religion, Evoke Berserk Rage


You were on level 11 of the Dungeon.
You worshipped Lugonu.
Lugonu was extremely pleased with you.
You were not hungry.

You visited 2 branches of the dungeon, and saw 12 of its levels.
You visited the Abyss 1 time.

You collected 639 gold pieces.
You spent 539 gold pieces at shops.

Inventory:

Hand Weapons
 E - a +1 hand axe of venom (weapon)
Missiles
 F - a throwing net (quivered)
Armour
 H - a +1 buckler of fire resistance (worn)
 I - a +1 chain mail of cold resistance (worn)
 O - a +1 plate armour of fire resistance
Jewellery
 h - a +2 ring of dexterity (right hand)
 k - an uncursed ring of protection from fire
 l - an amulet of rage (around neck)
 q - an uncursed ring of resist corrosion
 r - a +4 ring of strength (left hand)
 x - an uncursed ring of see invisible
 J - an uncursed ring of ice
 L - an uncursed ring of poison resistance
Wands
 a - a wand of flame (26)
 d - a wand of iceblast (9)
 z - a wand of polymorph (19)
 M - a wand of paralysis (4)
Scrolls
 b - 2 scrolls of amnesia
 g - 4 scrolls of random uselessness {unknown}
 j - 3 scrolls of remove curse
 m - a scroll of immolation {unknown}
 o - 4 scrolls of teleportation
 t - 3 scrolls of enchant armour {unknown}
 u - a scroll of magic mapping {unknown}
 y - a scroll of fog {unknown}
 B - a scroll of fear {unknown}
 C - a scroll of enchant weapon {unknown}
 G - a scroll of noise {unknown}
 N - a scroll of blinking {unknown}
Potions
 e - 4 potions of flight
 f - 5 potions of brilliance
 n - 2 potions of curing
 p - 3 potions of lignification
 s - 2 potions of mutation
 v - a potion of berserk rage
 w - a potion of resistance {unknown}
 A - a potion of might {unknown}
 D - 2 potions of cancellation
 K - 2 potions of invisibility {unknown}
 P - a potion of ambrosia {unknown}
Miscellaneous
 Q - a sack of spiders
Comestibles
 c - 13 rations
 i - 13 chunks of flesh


   Skills:
 + Level 8.3 Fighting
 * Level 9.0 Axes
 + Level 7.4 Armour
 * Level 7.2 Dodging
 + Level 4.2 Shields
 + Level 6.6 Invocations
 + Level 5.2 Evocations


You had 10 spell levels left.
You didn't know any spells.
Your spell library contained the following spells:

 Spells                   Type           Power        Failure   Level  Hunger
 Fireball                 Conj/Fire      ##........   97%         5    ######.
 Conjure Flame            Conj/Fire      ##......     43%         3    ####...
 Throw Flame              Conj/Fire      ##....       26%         2    ###....
 Summon Small Mammal      Summ           ##..         19%         1    ##.....
 Sticky Flame             Conj/Fire      ##......     78%         4    #####..
 Summon Ice Beast         Ice/Summ       ##......     78%         4    #####..
 Call Imp                 Summ           ##......     26%         2    ###....
 Flame Tongue             Conj/Fire      ##...        19%         1    ##.....
 Call Canine Familiar     Summ           ##......     43%         3    ####...
 Inner Flame              Hex/Fire       ##......     43%         3    ####...
 Summon Lightning Spire   Summ/Air       ##......     78%         4    #####..
 Summon Guardian Golem    Hex/Summ       ##......     43%         3    ####...


Dungeon Overview and Level Annotations

Branches:
Dungeon (11/15)            Temple (1/1) D:4             Orc (0/2) D:9
   Lair: D:8-11

Altars:
Ashenzari
Cheibriados
Dithmenos
Elyvilon
Fedhas
Gozag
Hepliaklqana
Kikubaaqudgha
Makhleb
Nemelex Xobeh
Okawaru
Qazlal
Ru
Sif Muna
Trog
Uskayaw
Vehumet
Wu Jian
Xom
Yredelemnul
Zin
The Shining One

Shops:
D:5 :   D:7 }   D:8 [*


Innate Abilities, Weirdness & Mutations

You are resistant to torment.
Your stone body is resilient. (AC +8)
You are immune to poison.
You resist negative energy. (rN+)
You are resistant to electric shocks. (rElec)
You can survive without breathing.
You are immune to petrification.
You are immune to rotting.


Message History

Okay, then.
Unknown command.
You feel better.
The orc warrior hits you with a dire flail!
* * * LOW HITPOINT WARNING * * *
You feel clever all of a sudden.
The orc warrior hits you but does no damage.
You block the gargoyle's attack.
Press: ? - help, Shift-Dir - straight line, f - orc warrior
Aim: an orc warrior, wielding a dire flail and wearing a plate armour (chance to defeat MR: 84%)
Okay, then.
Press: ? - help, Shift-Dir - straight line, f - gargoyle
Aim: a gargoyle, wielding a mace (chance to defeat MR: 71%)
You fail to use your ability.
The orc warrior barely misses you. You block the gargoyle's attack.
Press: ? - help, Shift-Dir - straight line, f/p - gargoyle
Aim: a gargoyle, wielding a mace (chance to defeat MR: 71%)
You fail to use your ability.
You block the orc warrior's attack. The gargoyle hits you with a mace.
You die...

.<. ######## ...##
#......## ....#
#.......## #..#
....### #))......#
#..#
......###..).....#
#..###
.....#.).#.......#
..>.##
...<.####........#
#....# .....#
###.....###
#....## .....#
##....@o###.....##
....##
##...#9oo.......#
#...#
#..####.5......##
###.# ##.#
###.......##. ###
### #..÷........
#...##......
##...###....
#..... ... ..####.
9.


You could see an orc warrior, a gargoyle, 2 orc priests and a shadow imp.

Vanquished Creatures
  Josephine (D:10)
  An anaconda (shapeshifter) (D:9)
  3 two-headed ogres
  A hornet (D:9)
  Prince Ribbit (D:7)
  2 hippogriffs
  4 wraiths (D:10)
  6 yaks (D:10)
  2 wyverns
  A hungry ghost (D:8)
  Menkaure (D:7)
  Edmund (D:6)
  A water moccasin (D:10)
  6 orc warriors
  2 phantoms
  An eye of draining (D:10)
  3 ice beasts
  4 ogres
  A sky beast (D:10)
  3 centaurs
  The ghost of Borgoz the Skirmisher, an amateur GrAK of Lugonu (D:3)
  4 bullfrogs
  2 scorpions (D:5)
  5 killer bees (D:10)
  14 wights
  5 crimson imps
  4 bullfrog zombies
  A centaur zombie (D:6)
  3 jellies
  2 orc priests
  7 orc wizards
  3 centaur skeletons
  9 hounds
  A bullfrog skeleton (D:8)
  7 worker ants
  A hound skeleton (D:5)
  3 gnolls (D:8)
  17 adders
  An ooze (D:4)
  3 worms
  A dart slug (D:6)
  3 leopard geckos
  24 orcs
  8 giant cockroaches
  7 hobgoblins
  7 jackals
  9 kobolds
  5 quokkas
  5 bats
  9 frilled lizards
  11 goblins
  A quokka skeleton (D:6)
  6 rats
234 creatures vanquished.

Vanquished Creatures (others)
  A manticore (D:11)
  A quokka (D:11)
2 creatures vanquished.

Grand Total: 236 creatures vanquished

Notes
Turn   | Place    | Note
-------+----------+-------------------------------------------
     0 | Abyss:1  | Borgoz the Gargoyle Abyssal Knight began the quest for the Orb.
     0 | Abyss:1  | Reached XP level 1. HP: 14/14 MP: 2/2
   147 | Abyss:1  | Noticed a smoke demon
   148 | D:1      | Escaped the Abyss
   155 | D:1      | Noticed a black mamba
   172 | D:1      | Noticed a death yak
   189 | D:1      | Reached * piety under Lugonu
   363 | D:1      | Reached XP level 2. HP: 19/20 MP: 3/3
   562 | D:1      | Reached skill level 2 in Axes
  1031 | D:2      | Reached XP level 3. HP: 24/24 MP: 4/4
  1051 | D:2      | Reached skill level 1 in Dodging
  1159 | D:2      | Reached XP level 4. HP: 14/29 MP: 5/5
  1427 | D:2      | Reached skill level 3 in Axes
  1428 | D:2      | Found a burning altar of Makhleb.
  1477 | D:2      | Reached XP level 5. HP: 28/33 MP: 6/6
  1520 | D:2      | Found an ornate altar of the Wu Jian Council.
  1634 | D:2      | Found an ancient bone altar of Kikubaaqudgha.
  1637 | D:2      | Found an opulent altar of Gozag.
  1752 | D:2      | Found a burning altar of Makhleb.
  1752 | D:2      | Found a hazy altar of Hepliaklqana.
  1757 | D:2      | Found a hide-covered altar of Uskayaw.
  1759 | D:2      | Found a faded altar of an unknown god.
  1760 | D:2      | Found a faded altar of an unknown god.
  2200 | D:3      | Reached ** piety under Lugonu
  2279 | D:3      | Noticed Borgoz's ghost (amateur GrAK)
  2509 | D:3      | Killed Borgoz's ghost
  2509 | D:3      | Reached skill level 5 in Fighting
  2509 | D:3      | Reached skill level 4 in Axes
  2509 | D:3      | Reached XP level 6. HP: 34/40 MP: 7/7
  2646 | D:3      | Found a bloodstained altar of Trog.
  2869 | D:3      | Found a shimmering altar of Xom.
  3226 | D:4      | Noticed a phantom
  3310 | D:4      | Killed a phantom
  3310 | D:4      | Reached XP level 7. HP: 19/44 MP: 8/8
  3533 | D:4      | Reached skill level 1 in Evocations
  3540 | D:4      | Found a staircase to the Ecumenical Temple.
  3557 | Temple   | Entered the Ecumenical Temple
  4003 | D:4      | Found a blossoming altar of Fedhas.
  4172 | D:5      | Entered Level 5 of the Dungeon
  4234 | D:5      | Found Huironin's Book Boutique.
  4482 | D:5      | Reached skill level 5 in Axes
  4482 | D:5      | Reached XP level 8. HP: 47/50 MP: 10/10
  4591 | D:5      | Reached *** piety under Lugonu
  5329 | D:6      | Found a shadowy altar of Dithmenos.
  5730 | D:6      | Noticed Edmund
  5739 | D:6      | Reached skill level 5 in Armour
  5741 | D:6      | Reached skill level 6 in Axes
  5741 | D:6      | Reached XP level 9. HP: 20/55 MP: 11/11
  5744 | D:6      | Killed Edmund
  6047 | D:6      | Found a snail-covered altar of Cheibriados.
  6218 | D:6      | Found a sparkling altar of Nemelex Xobeh.
  6828 | D:7      | Found a shattered altar of Ashenzari.
  6961 | D:7      | Noticed Menkaure
  6969 | D:7      | Killed Menkaure
  7152 | D:7      | Noticed Prince Ribbit
  7177 | D:7      | Killed Prince Ribbit
  7245 | D:7      | Found Isax's Gadget Boutique.
  7667 | D:8      | Reached **** piety under Lugonu
  7682 | D:8      | Reached skill level 5 in Dodging
  8177 | D:8      | Reached skill level 7 in Axes
  8433 | D:8      | Reached XP level 10. HP: 63/63 MP: 13/13
  8464 | D:8      | Found Ipsuammi's Antique Armour Shoppe.
  8472 | D:8      | Bought a glowing buckler for 157 gold pieces
  8472 | D:8      | Bought a shiny chain mail for 157 gold pieces
  8539 | D:8      | Reached skill level 5 in Invocations
  8700 | D:8      | Found Acsint's Assorted Antiques.
  8709 | D:8      | Bought a scroll of identify for 42 gold pieces
  8709 | D:8      | Bought a viscous white potion for 18 gold pieces
  8709 | D:8      | Bought a scroll of identify for 42 gold pieces
  8709 | D:8      | Bought an emerald potion for 18 gold pieces
  8709 | D:8      | Bought an encrusted tourmaline ring for 105 gold pieces
  8936 | D:9      | Noticed a two-headed ogre
  9105 | D:9      | Reached skill level 1 in Shields
  9124 | D:9      | Killed a two-headed ogre
  9398 | D:9      | Found a staircase to the Orcish Mines.
  9415 | D:9      | Paralysed by a crimson imp for 6 turns
  9557 | D:9      | Noticed an anaconda
  9578 | D:9      | Killed an anaconda
  9727 | D:9      | Found a sacrificial altar of Ru.
  9910 | D:9      | Found a white marble altar of Elyvilon.
 10171 | D:10     | Entered Level 10 of the Dungeon
 10197 | D:10     | Reached skill level 8 in Axes
 10317 | D:10     | Reached XP level 11. HP: 62/68 MP: 15/15
 10791 | D:10     | Reached ***** piety under Lugonu
 11036 | D:10     | Noticed a two-headed ogre
 11064 | D:10     | Killed a two-headed ogre
 11329 | D:10     | Noticed Josephine
 11345 | D:10     | Killed Josephine
 11345 | D:10     | Reached skill level 5 in Evocations
 11603 | D:10     | Noticed a two-headed ogre
 11620 | D:10     | Killed a two-headed ogre
 12070 | D:11     | Noticed a manticore
 12086 | D:11     | Banished a manticore
 12086 | D:11     | Reached skill level 9 in Axes
 12088 | D:11     | HP: 2/69 [orc warrior/dire flail (15)]
 12091 | D:11     | Slain by a gargoyle

Vault maps used:
D:1:      sevenhm_arrival_forest_fort_small_2
D:2:      chequers_temple_overflow_minitemple, lemuel_round_altar, minitemple,
          first_ration, minmay_misc_feat_more_columns, grunt_ministairs_10,
          makhleb_heckhound_becter
D:3:      marbit_many_paths, trog_hazing_becter
D:4:      lemuel_round_altar, temple_green
D:5:      serial_shops, shop
D:6:      kennysheep_slug_shrine, nemelex_altar_shiori,
          nicolae_dithmenos_the_darkroom, uniq_edmund
D:7:      serial_shops, nicolae_shop_stone, nicolae_ashenzari_panopticon,
          uniq_prince_ribbit1, uniq_menkaure
D:8:      serial_shops, nicolae_shop_overgrown_old_shop, shop
D:9:      lemuel_round_altar, elyvilon_altar_4, david_orc_3
D:10:     uniq_josephine
D:11:     lair_entry_dummy, the_bakery
Temple:   compressed_dpeg_triangle_lava_temple
Abyss:1:  hangedman_abyss_or_decor_slice

Skill      XL: |  1  2  3  4  5  6  7  8  9 10 11 |
---------------+----------------------------------+-----
Axes           | 2 3 4 5 6 7 8 9 |  9.0
Dodging        | 1 2 4 5 6 7 |  7.2
Fighting       | 4 5 6 7 8 |  8.3
Armour         | 3 4 5 6 7 |  7.4
Evocations     | 1 2 3 4 5 |  5.2
Invocations    | 3 4 5 6 |  6.6
Shields        | 3 4 |  4.2

Action                   |  1- 3 |  4- 6 |  7- 9 | 10-12 || total
-------------------------+-------+-------+-------+-------++-------
Melee: Hand axe          |   100 |   302 |   428 |   399 ||  1229
Invok: Depart the Abyss  |     1 |       |       |       ||     1
       Banish            |       |       |       |     1 ||     1
 Abil: Evoke Berserk Rag |       |       |     7 |     7 ||    14
  Use: Scroll            |       |     3 |     4 |     5 ||    12
       Potion            |       |     1 |       |     6 ||     7
  Eat: Chunk             |     1 |     7 |    15 |    13 ||    36
       Ration            |       |       |     2 |     3 ||     5
Armor: Ring mail         |    72 |   173 |   196 |       ||   441
       Chain mail        |       |       |       |   230 ||   230
Dodge: Dodged            |    66 |   150 |   283 |   193 ||   692
Block: Buckler           |       |       |       |   101 ||   101

Table legend:
 A = Spawn XP
 B = Non-spawn XP
 C = Spawn XP percentage of total XP
 D = Spawn monster count
 E = Non-spawn monster count
 F = Spawn count percentage of total count
 G = Total turns spent on level
                    A         B        C        D         E        F      G
               +---------+---------+-------+---------+---------+-------+---------
         Total |       0 |   16322 |   0.0 |       0 |     235 |   0.0 | 12091
               +---------+---------+-------+---------+---------+-------+---------
           D:1 |       0 |      33 |   0.0 |       0 |      21 |   0.0 |   876
           D:2 |       0 |     193 |   0.0 |       0 |      21 |   0.0 |  1275
           D:3 |       0 |     326 |   0.0 |       0 |      38 |   0.0 |  1002
           D:4 |       0 |     341 |   0.0 |       0 |       9 |   0.0 |   670
           D:5 |       0 |    1034 |   0.0 |       0 |      21 |   0.0 |  1089
           D:6 |       0 |     997 |   0.0 |       0 |      20 |   0.0 |  1398
           D:7 |       0 |     924 |   0.0 |       0 |      16 |   0.0 |  1065
           D:8 |       0 |    1207 |   0.0 |       0 |      17 |   0.0 |  1695
           D:9 |       0 |    3285 |   0.0 |       0 |      26 |   0.0 |   752
          D:10 |       0 |    6731 |   0.0 |       0 |      36 |   0.0 |  1722
          D:11 |       0 |    1251 |   0.0 |       0 |      10 |   0.0 |   198
               +---------+---------+-------+---------+---------+-------+---------
